 Dungeon Crawl Stone Soup version 0.22-a0-136-g83a10e5 (webtiles) character file.

503 KristoblXynda the Slasher (level 6, -1/48 HPs)
             Began as a Demigod Gladiator on Feb 3, 2018.
             Killed by nerve-wracking pain
             ... invoked by an orc priest
              (9 damage)
             ... on level 4 of the Dungeon.
             The game lasted 00:06:31 (3225 turns).

KristoblXynda the Slasher (Demigod Gladiator)       Turns: 3225, Time: 00:06:31

Health: -1/48      AC:  7    Str: 18 (19) XL:     6   Next: 63%
Magic:  18/18      EV: 13    Int: 11 (12) God:
Gold:   195        SH:  0    Dex: 16 (19) Spells: 5/5 levels left

rFire    + . .     SeeInvis .   a - +0 long sword
rCold    + . .     Gourm    .   (no shield)
rNeg     . . .     Faith    .   g - +0 ring mail
rPois    +         Spirit   .   c - +0 helmet
rElec    +         Reflect  .   j - +0 cloak
rCorr    +         Harm     .   (no gloves)
MR       .....                  (no boots)
Stlth    +.........             (no amulet)
HPRegen  0.16/turn              n - ring of magical power
MPRegen  0.16/turn              (no ring)

@: lethally poisoned (-1 -> -7), resistant
A: high mp 2, poison resistance
a: no special abilities


You were on level 4 of the Dungeon.
You were not hungry.

You visited 1 branch of the dungeon, and saw 4 of its levels.

You collected 195 gold pieces.

Inventory:

Hand Weapons
 a - a +0 long sword (weapon)
Missiles
 d - 2 throwing nets (quivered)
Armour
 c - a +0 helmet (worn)
 g - a +0 ring mail (worn)
 h - a +0 hat
 j - a +0 cloak (worn)
Jewellery
 n - a ring of magical power (left hand)
Wands
 t - a wand of random effects (31)
Scrolls
 e - 3 scrolls of identify
 i - 3 scrolls of remove curse {unknown}
 k - a scroll of enchant armour {unknown}
 m - a scroll of blinking {unknown}
 p - 2 scrolls of teleportation {unknown}
 q - 3 scrolls of magic mapping {unknown}
 r - a scroll of immolation {unknown}
 u - 2 scrolls of amnesia {unknown}
 v - a scroll of fog {unknown}
Potions
 b - a potion of magic
 l - a potion of might {unknown}
 s - a potion of cancellation
Comestibles
 f - 6 rations
 w - 4 chunks of flesh


   Skills:
 - Level 1.7 Fighting
 * Level 5.4 Long Blades
 - Level 2.1 Throwing
 + Level 2.8 Armour
 + Level 4.3 Dodging


You had 5 spell levels left.
You didn't know any spells.

Dungeon Overview and Level Annotations

Branches:
Dungeon (4/15)
 Temple: D:4-7


Innate Abilities, Weirdness & Mutations

You have a considerably increased reservoir of magic. (+20% MP)
Your system is resistant to poisons. (rPois)


Message History

You hit the orc priest.
The orc priest is almost dead.
The adder bites you.
You are poisoned.
The adder poisons you! Something hits you.
The orc priest hits you with a short sword.
* * * LOW HITPOINT WARNING * * *
The adder bites you but does no damage. Something hits you.
* * * LOW HITPOINT WARNING * * *
The orc closely misses you.
You riposte.
You hit the orc.
The orc is heavily wounded.
It was a potion of resistance.
You feel protected.
You feel sick. The adder bites you.
* * * LOW HITPOINT WARNING * * *
You are more poisoned.
The adder poisons you!
The orc priest calls down the wrath of Beogh upon you.
Pain shoots through your body!
You die...

......####.............#
................#.....##
...###....#############
.### #.##..# .. #.....##
. #......## .
#....#..###
#......##...#########
##.....####..@.o....#
............Soo.....#
.#.......##.........#
....... ....######## ...
...### ......# . !...
....


You could see 2 orc priests, an adder and an orc.

Vanquished Creatures
  The ghost of sankara the Cudgeler, an amateur DsGl of Kikubaaqudgha (D:3)
  A hound (D:4)
  An orc priest (D:3)
  Terence (D:3)
  3 worker ants
  10 adders
  2 oozes
  2 worms
  5 dart slugs
  3 leopard geckos
  4 orcs (D:3)
  A ball python (D:1)
  6 giant cockroaches
  11 goblins
  13 hobgoblins
  8 jackals
  3 quokkas
  10 bats
  6 frilled lizards
  8 kobolds
  11 rats
110 creatures vanquished.

Notes
Turn   | Place    | Note
-------+----------+-------------------------------------------
     0 | D:1      | KristoblXynda the Demigod Gladiator began the quest for the Orb.
     0 | D:1      | Reached XP level 1. HP: 17/17 MP: 3/3
   529 | D:1      | Reached XP level 2. HP: 22/24 MP: 4/4
   556 | D:1      | Reached skill level 3 in Long Blades
   911 | D:1      | Reached XP level 3. HP: 27/29 MP: 5/5
  1455 | D:2      | Reached skill level 1 in Armour
  1561 | D:2      | Reached XP level 4. HP: 27/36 MP: 6/6
  2043 | D:3      | Reached skill level 4 in Long Blades
  2232 | D:3      | Gained mutation: Your system is resistant to poisons. (rPois) [potion of mutation]
  2232 | D:3      | Gained mutation: You have a considerably increased reservoir of magic. (+20% MP) [potion of mutation]
  2254 | D:3      | Noticed sankara's ghost (amateur DsGl)
  2302 | D:3      | Killed sankara's ghost
  2302 | D:3      | Reached XP level 5. HP: 29/41 MP: 8/8
  2487 | D:3      | Noticed Terence
  2531 | D:3      | Killed Terence
  2531 | D:3      | Reached XP level 6. HP: 24/48 MP: 9/9
  2565 | D:3      | Found a white marble altar of Elyvilon.
  2670 | D:3      | Found a blossoming altar of Fedhas.
  2675 | D:3      | Found a shimmering altar of Xom.
  2676 | D:3      | Found a sacrificial altar of Ru.
  2676 | D:3      | Found an iron altar of Okawaru.
  2837 | D:3      | Reached skill level 5 in Long Blades
  3225 | D:4      | Killed from afar by an orc priest

Vault maps used:
D:1:      evilmike_arrival_fibonacci_small
D:2:      kennysheep_nub
D:3:      minitemple, nicolae_overflow_crystal_walls, first_ration, uniq_terence

Skill      XL: |  1  2  3  4  5  6 |
---------------+-------------------+-----
Throwing       | 2 |  2.1
Long Blades    | 3 4 5 |  5.4
Dodging        | 3 4 |  4.3
Armour         | 1 2 |  2.8
Fighting       | |  1.7

Action                   |  1- 3 |  4- 6 || total
-------------------------+-------+-------++-------
Melee: Long sword        |   122 |   236 ||   358
Throw: Throwing net      |       |     1 ||     1
  Use: Scroll            |       |     5 ||     5
       Potion            |       |     7 ||     7
  Eat: Chunk             |     2 |     6 ||     8
Armor: Ring mail         |    54 |   129 ||   183
Dodge: Dodged            |   101 |   233 ||   334
       Rpst.: Long sword |    31 |    65 ||    96

Table legend:
 A = Spawn XP
 B = Non-spawn XP
 C = Spawn XP percentage of total XP
 D = Spawn monster count
 E = Non-spawn monster count
 F = Spawn count percentage of total count
 G = Total turns spent on level
                    A         B        C        D         E        F      G
               +---------+---------+-------+---------+---------+-------+---------
         Total |       0 |     719 |   0.0 |       0 |     110 |   0.0 |  3225
               +---------+---------+-------+---------+---------+-------+---------
           D:1 |       0 |      51 |   0.0 |       0 |      27 |   0.0 |  1270
           D:2 |       0 |      95 |   0.0 |       0 |      32 |   0.0 |   673
           D:3 |       0 |     401 |   0.0 |       0 |      37 |   0.0 |   974
           D:4 |       0 |     172 |   0.0 |       0 |      14 |   0.0 |   308
               +---------+---------+-------+---------+---------+-------+---------
